 Dungeon Crawl Stone Soup version 0.22-a0-42-g002c468 (webtiles) character file.

6225 galech the Grappler (level 10, -13/94 HPs)
             Began as a Troll Monk on Jan 5, 2018.
             Was an Elder of Okawaru.
             Mangled by Urug
             ... wielding a +6 eveningstar
              (23 damage)
             ... on level 10 of the Dungeon.
             The game lasted 00:12:02 (7500 turns).

galech the Grappler (Troll Monk)                    Turns: 7500, Time: 00:12:03

Health: -13/94     AC:  7    Str: 24    XL:     10   Next: 61%
Magic:  0/9        EV: 15    Int:  6    God:    Okawaru [****..]
Gold:   541        SH:  0    Dex: 12    Spells: 9/9 levels left

rFire    . . .     SeeInvis .     - Unarmed
rCold    . . .     Gourm    +   (no shield)
rNeg     . . .     Faith    .   a - +0 robe
rPois    .         Spirit   +   G - +1 hat {MR+}
rElec    .         Reflect  .   e - +0 cloak
rCorr    .         Harm     .   (gloves unavailable)
MR       +....                  (boots unavailable)
Stlth    ++++......             H - amulet of guardian spirit
HPRegen  0.65/turn              (no ring)
MPRegen  0.11/turn              (no ring)

@: lethally poisoned (-13 -> -13), heroism, drained
A: large, unfitting armour, claws 3, fast metabolism 3, gourmand, regeneration
1, shaggy fur 1, tough skin 2
a: Heroism, Renounce Religion


You were on level 10 of the Dungeon.
You worshipped Okawaru.
Okawaru was greatly pleased with you.
You were not hungry.

You visited 2 branches of the dungeon, and saw 11 of its levels.

You collected 661 gold pieces.
You spent 120 gold pieces at shops.

Inventory:

Missiles
 M - 4 steel tomahawks (quivered)
Armour
 a - a +0 robe (worn)
 e - a +0 cloak (worn)
 g - a scarf of repulsion
 G - a +1 hat of magic resistance (worn)
Jewellery
 H - an amulet of guardian spirit (around neck)
Wands
 s - a wand of flame (87)
 x - a wand of iceblast (5)
 y - a wand of paralysis (7)
Scrolls
 c - 2 scrolls of remove curse
 f - 2 scrolls of teleportation
 i - 2 scrolls of fog
 j - 2 scrolls of blinking
 k - 2 scrolls of random uselessness
 l - 2 scrolls of fear
 p - 2 scrolls of enchant weapon
 q - 2 scrolls of amnesia
 v - a scroll of immolation
 E - a scroll of noise
 F - a scroll of brand weapon
 J - a scroll of enchant armour
Potions
 d - a potion of flight {unknown}
 h - 9 potions of curing {unknown}
 m - 2 potions of heal wounds {unknown}
 n - 2 potions of agility {unknown}
 o - 2 potions of mutation {unknown}
 r - a potion of berserk rage {unknown}
 t - a potion of magic {unknown}
 w - 2 potions of lignification {unknown}
 z - a potion of cancellation {unknown}
 A - a potion of ambrosia {unknown}
 D - 2 potions of resistance {unknown}
 I - a potion of brilliance {unknown}
 K - a potion of haste {unknown}
Books
 u - a book of Misfortune

   Spells                             Type                      Level
   a - Confusing Touch                Hexes                        1
   b - Confuse                        Hexes                        3
   c - Gell's Gravitas                Translocation                3
   d - Petrify                        Transmutation/Earth          4
   e - Metabolic Englaciation         Hexes/Ice                    5
   f - Yara's Violent Unravelling     Hexes/Transmutation          5
 C - a book of Unlife

   Spells                             Type                      Level
   a - Recall                         Summoning/Translocation      3
   b - Animate Dead                   Necromancy                   4
   c - Borgnjor's Vile Clutch         Necromancy/Earth             5
   d - Death Channel                  Necromancy                   6
   e - Simulacrum                     Ice/Necromancy               6
Comestibles
 b - 23 rations


   Skills:
 + Level 4.7(8.9) Fighting
 + Level 6.2(10.4) Dodging
 + Level 4.1(8.3) Stealth
 + Level 12.2(16.3) Unarmed Combat
 + Level 0.9(0.3) Invocations


You had 9 spell levels left.
You didn't know any spells.

Dungeon Overview and Level Annotations

Branches:
Dungeon (10/15)            Temple (1/1) D:5             Orc (0/2) D:10
   Lair: D:8-11

Altars:
Ashenzari
Cheibriados
Dithmenos
Elyvilon
Fedhas
Gozag
Hepliaklqana
Kikubaaqudgha
Makhleb
Nemelex Xobeh
Okawaru
Qazlal
Ru
Sif Muna
Trog
Uskayaw
Vehumet
Wu Jian
Xom
Yredelemnul
Zin
The Shining One

Shops:
D:7 *

Annotations:
D:10 Urug


Innate Abilities, Weirdness & Mutations

You are too large for most types of armour.
You have claws for hands.
Your metabolism is lightning-fast.
You like to eat raw meat.
Your natural rate of healing is unusually fast.
You are covered in fur. (AC +1)
You have very tough skin. (AC +2)


Message History

You are too injured to fight recklessly!
You are too injured to fight recklessly!
You are too injured to fight recklessly!
You are too injured to fight recklessly!
You closely miss Urug.
Urug is lightly wounded.
You barely miss Urug.
Urug is lightly wounded.
Urug hits you with an enchanted eveningstar!
You claw Urug!
Urug is moderately wounded.
Urug hits you with an enchanted eveningstar!!
* * * LOW HITPOINT WARNING * * *
You barely miss Urug.
Urug is lightly wounded.
You feel sick.
You completely miss Urug. You claw Urug!
Urug is moderately wounded.
Urug hits you with an enchanted eveningstar!!
You die...

#...#.#
#...#.#
#.....#
#.....#
#.....#
#(###.#
#(###.#
#(....+
#@....#
#.o....#
#.###..#
#.# ..#
#.# .#
#.. #
#.. #..


You could see Urug.

Vanquished Creatures
  Gastronok (D:8)
  Prince Ribbit (D:7)
  2 dream sheep (D:9)
  Eustachio (D:5)
  2 yaks (D:9)
  A steam dragon (D:10)
  Menkaure (D:7)
  Duvessa (D:5)
  An orc warrior (D:9)
  An ice beast (D:6)
  2 phantoms
  A necrophage (D:9)
  2 black bears (D:7)
  3 sky beasts
  3 ogres
  A centaur (D:9)
  2 big kobolds (D:9)
  3 bullfrogs
  Blork the orc (D:5)
  Dowan (D:4)
  12 killer bees
  3 wights (D:10)
  5 crimson imps
  A centaur zombie (D:10)
  A hound (D:8)
  4 jellies
  5 orc priests
  A gnoll shaman (D:5)
  2 centaur skeletons
  An iguana (D:10)
  Ijyb (D:5)
  2 orc wizards (D:8)
  4 worker ants
  3 hound zombies
  A worker ant zombie (D:7)
  5 adders
  3 gnolls (D:5)
  A shadow imp (D:8)
  9 oozes
  An adder zombie (D:10)
  3 worms
  A leopard gecko (D:2)
  13 orcs
  A ball python (D:6)
  A giant cockroach (D:1)
  6 goblins
  7 hobgoblins
  6 jackals
  4 quokkas
  5 bats
  11 kobolds
  2 rats
156 creatures vanquished.

Vanquished Creatures (others)
  A fungus (D:2)
  12 toadstools (D:2)
13 creatures vanquished.

Grand Total: 169 creatures vanquished

Notes
Turn   | Place    | Note
-------+----------+-------------------------------------------
     0 | D:1      | galech the Troll Monk began the quest for the Orb.
     0 | D:1      | Reached XP level 1. HP: 22/22 MP: 0/0
   147 | D:1      | Reached XP level 2. HP: 29/29 MP: 1/1
   669 | D:2      | Reached XP level 3. HP: 24/36 MP: 2/2
  1175 | D:2      | Reached XP level 4. HP: 44/44 MP: 3/3
  1179 | D:2      | Reached skill level 4 in Unarmed Combat
  1316 | D:3      | Reached XP level 5. HP: 49/53 MP: 4/4
  1885 | D:4      | Found a deep blue altar of Sif Muna.
  2057 | D:4      | Found a hide-covered altar of Uskayaw.
  2058 | D:4      | Noticed a hand axe
  2059 | D:4      | Noticed a dagger
  2069 | D:4      | Reached skill level 5 in Unarmed Combat
  2427 | D:5      | Entered Level 5 of the Dungeon
  2427 | D:5      | Found a staircase to the Ecumenical Temple.
  2427 | D:5      | Noticed Duvessa
  2427 | D:5      | Noticed Dowan
  2491 | D:5      | Killed Duvessa
  2491 | D:5      | Reached XP level 6. HP: 41/61 MP: 5/5
  2495 | D:4      | Killed Dowan
  2532 | Temple   | Entered the Ecumenical Temple
  2635 | Temple   | Became a worshipper of Warmaster Okawaru
  2635 | Temple   | Reached * piety under Okawaru
  2635 | Temple   | Reached ** piety under Okawaru
  2714 | D:5      | Noticed Blork the orc
  2722 | D:5      | Killed Blork the orc
  2722 | D:5      | Reached skill level 6 in Unarmed Combat
  2872 | D:5      | Noticed a sky beast
  2880 | D:5      | Killed a sky beast
  2880 | D:5      | Reached XP level 7. HP: 59/67 MP: 6/6
  2921 | D:5      | Noticed Ijyb
  2923 | D:5      | Paralysed by Ijyb for 6 turns
  2929 | D:5      | Noticed Eustachio
  2935 | D:5      | Killed Ijyb
  2942 | D:5      | Killed Eustachio
  2942 | D:5      | Reached skill level 7 in Unarmed Combat
  3134 | D:5      | Found a white marble altar of Elyvilon.
  3134 | D:5      | Found a shadowy altar of Dithmenos.
  3383 | D:6      | Found an ancient bone altar of Kikubaaqudgha.
  3452 | D:6      | Reached XP level 8. HP: 21/75 MP: 4/7
  3453 | D:6      | Reached skill level 8 in Unarmed Combat
  3565 | D:6      | Found a blossoming altar of Fedhas.
  3565 | D:6      | Found an ancient bone altar of Kikubaaqudgha.
  4469 | D:7      | Noticed Prince Ribbit
  4481 | D:7      | Killed Prince Ribbit
  4481 | D:7      | Reached *** piety under Okawaru
  4569 | D:7      | Reached skill level 9 in Unarmed Combat
  4576 | D:7      | Found Kohuonn's Assorted Antiques.
  4586 | D:7      | Bought a scroll of identify for 48 gold pieces
  4586 | D:7      | Bought a scroll of teleportation for 72 gold pieces
  4627 | D:7      | Reached skill level 5 in Dodging
  4634 | D:7      | Noticed Menkaure
  4728 | D:7      | Killed Menkaure
  4728 | D:7      | Reached XP level 9. HP: 84/84 MP: 8/8
  5150 | D:8      | Reached **** piety under Okawaru
  5182 | D:8      | Found a blossoming altar of Fedhas.
  5432 | D:8      | Noticed Gastronok
  5446 | D:8      | Killed Gastronok
  5446 | D:8      | Reached skill level 11 in Unarmed Combat
  5446 | D:8      | Reached XP level 10. HP: 34/94 MP: 6/9
  5703 | D:8      | Found a shattered altar of Ashenzari.
  6275 | D:9      | Found a shimmering altar of Xom.
  6714 | D:10     | Entered Level 10 of the Dungeon
  6928 | D:10     | Received a gift from Okawaru
  6973 | D:10     | Reached skill level 12 in Unarmed Combat
  7137 | D:10     | Found a staircase to the Orcish Mines.
  7489 | D:10     | Noticed Urug
  7500 | D:10     | Mangled by Urug

Vault maps used:
D:1:      roderic_crossed_star, serial_bayou_lagoon_a
D:2:      cheibrodos_fertilizer
D:3:      first_ration, hangedman_decor_points
D:4:      dancing_weapons_uskayaw, lemuel_blue_sif_altar
D:5:      gammafunk_temple_overflow_pools, minmay_temple_entry_large_hall,
          uniq_duvessa, uniq_ijyb, uniq_blork_the_orc, uniq_eustachio
D:6:      grunt_temple_overflow_growth_and_decay, basic_altar
D:7:      serial_shops, nicolae_shop_overgrown_old_shop, uniq_prince_ribbit1,
          uniq_menkaure
D:8:      old_standard_altar, fedhas_altar_3, uniq_gastronok
D:9:      hangedman_ranch, xom_teletrap_fun
D:10:     orc_0_dummy, uniq_urug
Temple:   eino_temple_scatter_basement

Skill      XL: |  1  2  3  4  5  6  7  8  9 10 |
---------------+-------------------------------+-----
Dodging        | 3 4 5 6 |  6.2
Unarmed Combat | 4 5 6 7 9 11 12 | 12.2
Fighting       | 3 4 |  4.7
Stealth        | 2 3 4 |  4.1
Invocations    | |  0.9

Action                   |  1- 3 |  4- 6 |  7- 9 | 10-12 || total
-------------------------+-------+-------+-------+-------++-------
Melee: Unarmed           |    86 |    93 |   161 |   152 ||   492
       Punch             |     4 |     2 |     7 |     6 ||    19
Invok: Heroism           |       |       |     2 |     5 ||     7
  Use: Scroll            |       |       |    10 |     3 ||    13
 Stab: Sleeping          |       |     2 |     6 |     1 ||     9
  Eat: Chunk             |    16 |    16 |    23 |    14 ||    69
Armor: Robe              |    30 |    19 |    45 |    26 ||   120
Dodge: Dodged            |    52 |    40 |    68 |    92 ||   252

Table legend:
 A = Spawn XP
 B = Non-spawn XP
 C = Spawn XP percentage of total XP
 D = Spawn monster count
 E = Non-spawn monster count
 F = Spawn count percentage of total count
 G = Total turns spent on level
                    A         B        C        D         E        F      G
               +---------+---------+-------+---------+---------+-------+---------
         Total |       0 |    8893 |   0.0 |       0 |     156 |   0.0 |  7500
               +---------+---------+-------+---------+---------+-------+---------
           D:1 |       0 |      26 |   0.0 |       0 |      15 |   0.0 |   567
           D:2 |       0 |     159 |   0.0 |       0 |      27 |   0.0 |   719
           D:3 |       0 |      34 |   0.0 |       0 |       9 |   0.0 |   560
           D:4 |       0 |     164 |   0.0 |       0 |       7 |   0.0 |   635
           D:5 |       0 |     860 |   0.0 |       0 |      13 |   0.0 |   735
           D:6 |       0 |     541 |   0.0 |       0 |      15 |   0.0 |  1150
           D:7 |       0 |    1211 |   0.0 |       0 |      14 |   0.0 |   652
           D:8 |       0 |    3007 |   0.0 |       0 |      21 |   0.0 |   767
           D:9 |       0 |    1699 |   0.0 |       0 |      15 |   0.0 |   812
          D:10 |       0 |    1192 |   0.0 |       0 |      20 |   0.0 |   786
               +---------+---------+-------+---------+---------+-------+---------
